 Dungeon Crawl Stone Soup version 0.21-a0-538-gd16b88a (webtiles) character file.

147 AverageBear the Cutter (level 5, 13/31 HPs)
             Began as a Deep Elf Fighter on Dec 15, 2017.
             Quit the game on level 4 of the Dungeon.
             The game lasted 00:02:03 (2405 turns).

AverageBear the Cutter (Deep Elf Fighter)           Turns: 2405, Time: 00:02:03

Health: 13/31      AC:  7    Str: 11 (12) XL:     5   Next: 8%
Magic:  7/7        EV:  6    Int: 12 (13) God:
Gold:   161        SH:  8    Dex: 12 (14) Spells: 4/4 levels left

rFire    . . .     SeeInvis .   a - +0 rapier
rCold    . . .     Gourm    .   c - +0 shield
rNeg     . . .     Faith    .   b - +0 scale mail
rPois    .         Spirit   .   (no helmet)
rElec    .         Reflect  .   d - +0 cloak
rCorr    .         Harm     .   (no gloves)
MR       .....                  (no boots)
Stlth    ..........             (no amulet)
HPRegen  0.10/turn              o - -2 ring of strength (curse)
MPRegen  0.10/turn              (no ring)

@: no status effects
A: no striking features
a: no special abilities


You were on level 4 of the Dungeon.
You were not hungry.

You visited 1 branch of the dungeon, and saw 4 of its levels.

You collected 161 gold pieces.

Inventory:

Hand Weapons
 a - a +0 rapier (weapon)
Armour
 b - a +0 scale mail (worn)
 c - a +0 shield (worn)
 d - a +0 cloak (worn)
Jewellery
 o - a cursed -2 ring of strength (left hand)
Scrolls
 e - a scroll of enchant armour {unknown}
 p - a scroll of amnesia
 s - 2 scrolls of teleportation
Potions
 g - 2 potions of heal wounds {unknown}
 h - a potion of invisibility
 i - a potion of degeneration
 k - a potion of haste {unknown}
 l - 2 potions of mutation {unknown}
 m - 2 potions of curing {unknown}
 q - a potion of agility {unknown}
Comestibles
 f - 3 bread rations
 j - 2 royal jellies
 n - 2 meat rations


   Skills:
 - Level 2.4 Fighting
 - Level 5.3 Short Blades
 - Level 2.4 Armour
 + Level 0.4 Dodging
 - Level 2.4 Shields


You had 4 spell levels left.
You didn't know any spells.

Dungeon Overview and Level Annotations

Branches:
Dungeon (4/15)
 Temple: D:4-7

Altars:
Kikubaaqudgha
Okawaru


Message History

The phantom is moderately damaged.
The phantom hits you!
You are too injured to fight recklessly!
You barely miss the phantom.
The phantom is moderately damaged.
The phantom blinks!
It was a potion of degeneration.
There was something very wrong with that liquid.
You feel weakened.
You feel dopey.
You feel clumsy.
The phantom blinks!
There is a stone staircase leading down here.
You climb downwards.
You hear the sound of rushing water.
There is an entrance to a sewer on this level.
Hurry and find it before the portal rusts away!
A giant cockroach, an orc and 2 orc priests come into view.
The orc shouts!
The orc priest shouts! x2
Found a stone staircase leading up.
There is a stone staircase leading up here.
Okay, then.
Are you sure you want to abandon this character and quit the game? (Confirm with "yes".)

#######
#....@#
#....s#
........#
##......#
##.....#
#....o#
#...o.#
#.o...#


You could see 2 orc priests, an orc and a giant cockroach.

Vanquished Creatures
  Crazy Yiuf (D:2)
  Jessica (D:3)
  4 adders
  3 dart slugs
  A leopard gecko (D:2)
  A ball python (D:1)
  4 giant cockroaches
  7 goblins
  6 hobgoblins (D:1)
  5 kobolds
  A quokka (D:2)
  6 bats
  4 frilled lizards
  8 rats
52 creatures vanquished.

Notes
Turn   | Place    | Note
-------+----------+-------------------------------------------
     0 | D:1      | AverageBear the Deep Elf Fighter began the quest for the Orb.
     0 | D:1      | Reached XP level 1. HP: 13/13 MP: 3/3
   126 | D:1      | Reached XP level 2. HP: 15/18 MP: 4/4
   197 | D:1      | Reached skill level 3 in Short Blades
   543 | D:1      | Reached XP level 3. HP: 19/22 MP: 5/5
   801 | D:2      | Found an ancient bone altar of Kikubaaqudgha.
  1045 | D:2      | Reached skill level 4 in Short Blades
  1187 | D:2      | Reached XP level 4. HP: 9/27 MP: 6/6
  1495 | D:2      | Found a runed door.
  1705 | D:2      | Noticed Crazy Yiuf
  1713 | D:2      | Killed Crazy Yiuf
  1981 | D:3      | Found an iron altar of Okawaru.
  1998 | D:3      | Reached skill level 5 in Short Blades
  2016 | D:3      | Noticed Jessica
  2022 | D:3      | Killed Jessica
  2022 | D:3      | Reached XP level 5. HP: 18/31 MP: 7/7
  2365 | D:3      | Noticed a phantom
  2405 | D:4      | Quit the game

Vault maps used:
D:1:      mrwooster_arrival_arrow
D:2:      old_standard_altar, first_bread, uniq_crazy_yiuf_cottage
D:3:      marbit_many_paths, okawaru_ov_weapons_minmay, uniq_jessica
D:4:      portal_sewer_entry_e, kennysheep_nub

Skill      XL: |  1  2  3  4 |
---------------+-------------+-----
Short Blades   | 3 4 5 |  5.3
Fighting       | |  2.4
Armour         | |  2.4
Dodging        | |  0.4
Shields        | |  2.4

Action                   |  1- 3 |  4- 6 || total
-------------------------+-------+-------++-------
Melee: Rapier            |   133 |    74 ||   207
  Use: Scroll            |     1 |     3 ||     4
       Potion            |       |     2 ||     2
  Eat: Chunk             |     1 |     4 ||     5
Armor: Scale mail        |    69 |    20 ||    89
Dodge: Dodged            |    33 |    12 ||    45
Block: Shield            |    59 |    29 ||    88

Table legend:
 A = Spawn XP
 B = Non-spawn XP
 C = Spawn XP percentage of total XP
 D = Spawn monster count
 E = Non-spawn monster count
 F = Spawn count percentage of total count
 G = Total turns spent on level
                    A         B        C        D         E        F      G
               +---------+---------+-------+---------+---------+-------+---------
         Total |       0 |     211 |   0.0 |       0 |      52 |   0.0 |  2405
               +---------+---------+-------+---------+---------+-------+---------
           D:1 |       0 |      45 |   0.0 |       0 |      25 |   0.0 |   740
           D:2 |       0 |     103 |   0.0 |       0 |      19 |   0.0 |  1216
           D:3 |       0 |      63 |   0.0 |       0 |       8 |   0.0 |   448
               +---------+---------+-------+---------+---------+-------+---------
